 Dungeon Crawl Stone Soup version 0.31-a0-574-g69dc8cc98e (webtiles) character file.

Game seed: 8940847281159599903

9 Newt the Trooper (level 2, -1/23 HPs)
             Began as a Demonspawn Gladiator on Aug 18, 2023.
             Slain by a kobold
             ... wielding a +0 club
              (4 damage)
             ... on level 1 of the Dungeon.
             The game lasted 00:00:12 (117 turns).

Newt the Trooper (Demonspawn Gladiator)              Turns: 117, Time: 00:00:13

Health: -1/23      AC:  4    Str: 14    XL:     2   Next: 3%
Magic:  2/2        EV: 14    Int:  9    God:
Gold:   0          SH:  0    Dex: 14    Spells: 1/1 levels left

rFire   . . .        a - +0 rapier
rCold   . . .        (no shield)
rNeg    . . .        b - +0 leather armour
rPois   .            c - +0 helmet
rElec   .            (no cloak)
rCorr   .            (no gloves)
SInv    .            (no boots)
Will    .....        (no amulet)
Stlth   +            (no ring)
HPRegen 0.23/turn    (no ring)
MPRegen 0.08/turn

%: no passive effects
@: no status effects
A: repulsion field 1
a: no special abilities


You were on level 1 of the Dungeon.
You visited 1 branch of the dungeon, and saw 1 of its levels.

Inventory:

Hand Weapons
 a - a +0 rapier (weapon)
Missiles
 d - a throwing net (quivered)
 e - a javelin
Armour
 b - a +0 leather armour (worn)
 c - a +0 helmet (worn)


   Skills:
 + Level 2.8 Fighting
 - Level 2.6 Short Blades
 - Level 1.7 Throwing
 - Level 2.6 Dodging


You had one spell level left.
You didn't know any spells.
Your spell library was empty.

Dungeon Overview and Level Annotations

Branches:
Dungeon (1/15)

Altars:


Innate Abilities, Weirdness & Mutations

You are surrounded by a mild repulsion field. (EV +2)


Message History

The quokka bites you. The quokka closely misses you.
You hit the quokka but do no damage.
The quokka is lightly wounded.
The quokka barely misses you. The quokka misses you.
You closely miss the quokka.
The quokka is almost dead.
The quokka barely misses you. The quokka bites you. x2
* * * LOW HITPOINT WARNING * * *
You puncture the quokka!
You kill the quokka!
The quokka barely misses you.
You hit the quokka.
You kill the quokka!
The endoplasm freezes you.
You are frozen.
* * * LOW HITPOINT WARNING * * *
You hit the endoplasm.
The endoplasm is almost dead.
The endoplasm freezes you.
You are frozen.
* * * LOW HITPOINT WARNING * * *
Unknown command.
You hit the endoplasm.
You kill the endoplasm!
You have reached level 2!
Your demonic ancestry asserts itself...
You begin to radiate repulsive energy.
Throw: 3 throwing nets
Press: ? - help, Q - select action, (/) - cycle Shift-Dir - straight line, f - kobold
Aim: a kobold, wielding a +0 club and quivering stones (47% to hit)
You throw a throwing net.
The throwing net closely misses the kobold.
The kobold closely misses you.
Throw: 2 throwing nets
Press: ? - help, Q - select action, (/) - cycle Shift-Dir - straight line, f/p - kobold
Aim: a kobold, wielding a +0 club and quivering stones (47% to hit)
You throw a throwing net.
The throwing net barely misses the kobold.
The kobold hits you with a +0 club.
You die...

## ### #. ...###.
........ ........###
>.........## #########
.......##..###.......####
.(.....K@............##..
###....#######.......##..
#.... ###.##...... #....
#.#....... #....
######.#....... #....
#......#....... #....
#.............. .....
#..............
#............##


You could see a kobold.

Vanquished Creatures
  3 endoplasms (D:1)
  2 kobolds (D:1)
  2 quokkas (D:1)
7 creatures vanquished.

Notes
Turn   | Place    | Note
-------+----------+-------------------------------------------
     0 | D:1      | Newt the Demonspawn Gladiator began the quest for the Orb.
     0 | D:1      | Reached XP level 1. HP: 16/16 MP: 1/1
   116 | D:1      | Gained mutation: You are surrounded by a mild repulsion
                  | field. (EV +2) [demonic ancestry]
   116 | D:1      | Reached XP level 2. HP: 2/23 MP: 2/2
   117 | D:1      | Slain by a kobold

Illustrated notes

Levels and vault maps discovered:
D:1:      zaba_arrival_water, layout_rooms

Action                     || total
---------------------------++-------
  Melee: Rapier            ||    20
  Throw: Throwing net      ||     2
 Armour: Leather armour    ||     4
  Dodge: Dodged            ||    21

Table legend: (Time is in decaauts)
 A = Elapsed time spent in this place.
 B = Non-inter-level travel time spent in this place.
 C = Inter-level travel time spent in this place.
 D = Time resting spent in this place.
 E = Time spent auto-exploring this place.
 F = Levels seen in this place.
 G = Mean time per level.
                   A        B        C        D        E       F      G
               +--------+--------+--------+--------+--------+-----+--------+
         Total |    125 |    125 |      0 |      0 |     89 |   1 |  125.0 |
       Dungeon |    125 |    125 |      0 |      0 |     89 |   1 |  125.0 |
               +--------+--------+--------+--------+--------+-----+--------+

Top non-repeatable levels by time:
     D:1: 125 daAuts
